 Dungeon Crawl Stone Soup version 0.20.0-8-g6b59dc7 (webtiles) character file.

103 mopl the Firebug (level 4, -1/24 HPs)
             Began as a Deep Elf Fire Elementalist on May 30, 2017.
             Slain by an orc priest
             ... wielding a +0 trident
              (9 damage)
             ... on level 3 of the Dungeon.
             The game lasted 00:04:03 (2234 turns).

mopl the Firebug (Deep Elf Fire Elementalist)       Turns: 2234, Time: 00:04:04

Health: -1/24      AC:  2    Str:  5    XL:     4   Next: 51%
Magic:  11/12      EV: 13    Int: 21    God:
Gold:   151        SH:  0    Dex: 15    Spells: 3/11 levels left

rFire    . . .     SeeInvis .   (no weapon)
rCold    . . .     Gourm    .   (no shield)
rNeg     . . .     Faith    +   a - +0 robe
rPois    .         Spirit   .   (no helmet)
rElec    .         Reflect  .   (no cloak)
rCorr    .         Harm     .   (no gloves)
MR       .....                  (no boots)
Stlth    ++........             n - amulet of faith {!P}
Regen    0.1/turn               (no ring)
MPRegen  0.2/turn               (no ring)

@: no status effects
A: no striking features
a: no special abilities


You were on level 3 of the Dungeon.
You were hungry.

You visited 1 branch of the dungeon, and saw 3 of its levels.

You collected 151 gold pieces.

Inventory:

Armour
 a - a +0 robe (worn)
Jewellery
 n - an amulet of faith (around neck) {!P}
Scrolls
 d - 2 scrolls of teleportation {unknown}
 h - 2 scrolls of noise {unknown}
 i - 3 scrolls of remove curse {unknown}
 j - 3 scrolls of identify {unknown}
 k - 2 scrolls of amnesia {unknown}
Potions
 e - a potion of curing {unknown}
 g - a potion of brilliance {unknown}
 l - a potion of degeneration {unknown}
 m - a potion of flight {unknown}
 p - a potion of magic {unknown}
Books
 b - a book of Flames

   Spells                             Type                      Level
   a - Flame Tongue                   Conjuration/Fire             1
   b - Throw Flame                    Conjuration/Fire             2
   c - Conjure Flame                  Conjuration/Fire             3
   d - Inner Flame                    Hexes/Fire                   3
   e - Sticky Flame                   Conjuration/Fire             4
   f - Fireball                       Conjuration/Fire             5
Comestibles
 c - 2 bread rations
 f - a royal jelly


   Skills:
 - Level 2.4 Dodging
 - Level 2.4 Stealth
 + Level 4.4 Spellcasting
 * Level 2.5 Conjurations
 * Level 4.5 Fire Magic


You had 3 spell levels left.
You knew the following spells:

 Your Spells              Type           Power        Failure   Level  Hunger
a - Flame Tongue          Conj/Fire      ###..        2%          1    None
c - Conjure Flame         Conj/Fire      ###.....     8%          3    ##.....
d - Sticky Flame          Conj/Fire      ###.....     26%         4    ####...


Dungeon Overview and Level Annotations

Branches:
Dungeon (3/15)

Altars:


Message History

The orc priest hits you but does no damage.
You're too confused to cast spells.
Drop what? 15/52 slots (_ for help) (? for menu, Esc to quit)
Drop what? 15/52 slots (_ for help) (? for menu, Esc to quit)
Okay, then.
Unknown command.
You're too confused to cast spells.
Drop what? 15/52 slots (_ for help) (? for menu, Esc to quit)
Drop what? 15/52 slots (_ for help) (? for menu, Esc to quit)
Okay, then.
The orc priest hits you from afar with a trident.
The orc priest hits you from afar with a trident.
A worm comes into view.
The orc priest looks satisfied for a moment.
Something hits you but does no damage.
You feel less confused. The orc hits you with a mace!
The orc priest hits you with a trident. Something barely misses you.
The orc priest hits you from afar with a trident!
You die...

######
#....###
#).....#
#@oo.#.##
#{......#
#....#.w...#
#....#..#...o
######....≈≈≈o
#...≈≈8≈≈
#..###### #..#
###


You could see a worm, an orc priest and an orc.

Vanquished Creatures
  Jessica (D:2)
  2 adders (D:2)
  2 worms
  A dart slug (D:2)
  A leopard gecko (D:1)
  3 orcs
  3 bats
  3 giant cockroaches (D:1)
  5 hobgoblins
  6 jackals (D:1)
  6 kobolds
  A frilled lizard (D:1)
  7 goblins
  2 rats
43 creatures vanquished.

Notes
Turn   | Place    | Note
-------+----------+-------------------------------------------
     0 | D:1      | mopl the Deep Elf Fire Elementalist began the quest for the Orb.
     0 | D:1      | Reached XP level 1. HP: 10/10 MP: 6/6
   103 | D:1      | Reached XP level 2. HP: 15/15 MP: 1/8
   536 | D:1      | Reached XP level 3. HP: 19/19 MP: 5/10
   542 | D:1      | Learned a level 3 spell: Conjure Flame
   784 | D:2      | Reached skill level 2 in Conjurations
  1011 | D:2      | Reached skill level 4 in Spellcasting
  1011 | D:2      | Reached skill level 4 in Fire Magic
  1609 | D:3      | Noticed Jessica
  1615 | D:2      | Killed Jessica
  1615 | D:2      | Reached XP level 4. HP: 16/24 MP: 7/12
  2132 | D:2      | Learned a level 4 spell: Sticky Flame
  2234 | D:3      | Slain by an orc priest

Skill      XL: |  1  2  3 |
---------------+----------+-----
Conjurations   | 2 |  2.5
Spellcasting   | 4 |  4.4
Fire Magic     | 4 |  4.5
Dodging        | |  2.4
Stealth        | |  2.4

Action                   |  1- 3 |  4- 6 || total
-------------------------+-------+-------++-------
Melee: Unarmed           |     4 |       ||     4
 Cast: Flame Tongue      |    68 |    20 ||    88
  Eat: Chunk             |     2 |     1 ||     3
Armor: Robe              |     8 |     1 ||     9
Dodge: Dodged            |    33 |    13 ||    46
